 Dungeon Crawl Stone Soup version 0.17.3 (webtiles) character file.

370 MordorOrchid the Firebug (level 6, -1/43 HPs)
             Began as a Demonspawn Fire Elementalist on May 2, 2020.
             Slain by Pikel
             ... wielding a +1 whip of electrocution
              (13 damage)
             ... on level 2 of the Dungeon.
             The game lasted 00:17:10 (5219 turns).

MordorOrchid the Firebug (DsFE)                     Turns: 5219, Time: 00:17:10

Health: -1/43      AC:  5    Str:  8    XL:     6   Next: 42%
Magic:  1/11       EV: 23    Int: 19    God:
Gold:   162        SH:  0    Dex: 18    Spells: 4 memorised, 3 levels left

rFire  . . .     SeeInvis .     j - +0 dagger
rCold  . . .     Clarity  .     a - +0 robe
rNeg   . . .     SustAt   .     (no shield)
rPois  +         Gourm    .     h - +2 hat
rElec  .         Spirit   .     n - +0 cloak (curse)
rCorr  .         Warding  .     (no gloves)
rMut   .         Stasis   .     (no boots)
MR     .....                    (no amulet)
Stlth  +++.......               (no ring)
                                u - +4 ring of evasion

@: agile, not resistant to hostile enchantments, fairly stealthy
A: antennae 2, poison resistance, powered by pain 2
a: no special abilities


You were on level 2 of the Dungeon.
You were not hungry.

You visited 1 branch of the dungeon, and saw 4 of its levels.

You collected 162 gold pieces.

Inventory:

Hand Weapons
 j - a +0 dagger (weapon)
 k - a +0 hunting sling
Missiles
 d - 41 sling bullets
 i - 37 arrows
 r - 25 bolts
Armour
 a - a +0 robe (worn)
 f - a +0 helmet
 h - a +2 hat (worn)
 n - a cursed +0 cloak (worn)
Jewellery
 u - a +4 ring of evasion (left hand)
Wands
 w - a wand of confusion (6)
Scrolls
 e - a scroll of magic mapping {unknown}
 g - a scroll of teleportation
 o - a scroll of immolation {unknown}
 q - a scroll of enchant armour {unknown}
 t - a scroll of recharging {unknown}
 v - a scroll of noise {unknown}
Potions
 p - a potion of lignification
Books
 b - a book of Flames

   Spells                             Type                      Level
   a - Flame Tongue                   Conjuration/Fire             1
   b - Throw Flame                    Conjuration/Fire             2
   c - Conjure Flame                  Conjuration/Fire             3
   d - Inner Flame                    Hexes/Fire                   3
   e - Sticky Flame                   Conjuration/Fire             4
   f - Fireball                       Conjuration/Fire             5
Comestibles
 c - 5 bread rations
 l - 3 meat rations


   Skills:
 - Level 1.1 Fighting
 * Level 3.5 Dodging
 - Level 1.7 Stealth
 + Level 3.6 Spellcasting
 + Level 3.0 Conjurations
 + Level 3.9 Fire Magic


You had 3 spell levels left.
You knew the following spells:

 Your Spells              Type           Power        Failure   Level  Hunger
a - Flame Tongue          Conj/Fire      ###..        4%          1    None
b - Throw Flame           Conj/Fire      ###...       8%          2    ##.....
c - Conjure Flame         Conj/Fire      ###.....     12%         3    ###....
d - Inner Flame           Hex/Fire       ##......     21%         3    ###....


Dungeon Overview and Level Annotations

Branches:
Dungeon (4/15)
 Temple: D:4-7

Altars:
Qazlal
Trog
Xom

Annotations:
D:2 Pikel
D:4 exclusion: 2 doors


Innate Abilities, Weirdness & Mutations

You have a pair of antennae on your head.
You sometimes gain power by taking damage.
Your system is resistant to poisons.


Message History

The flame tongue hits Pikel.
Pikel appears unharmed.
Pikel is severely wounded.
You hit Pikel.
Pikel is severely wounded.
Pikel completely misses you.
You hit Pikel but do no damage.
Pikel is severely wounded.
Pikel misses you.
You hit Pikel.
Pikel is severely wounded.
Your magical contamination has completely faded away.
Drink which item? (? for menu, Esc to quit)
It was a potion of poison.
You feel slightly nauseous.
Pikel seems less confused.
You hit Pikel but do no damage.
Pikel is severely wounded.
Pikel hits you with a whip of electrocution.
* * * LOW HITPOINT WARNING * * *
You are electrocuted!
You die...

# #.# # #.# # #.# # #.#
# # #.# # #.# # ####
#####.# # ...###
##########...#.########
.....#
#....K@................
##.#.#
#>########.......#####.
#.#.# #)# ####...## #.
##.#.# ##.####### ##.##
#. ...#.# #........#
#.# ## .###.#
#..#####.# #.# # .###.#
#..### #.# ##'## #
.....### #....# #.#
##...## # .......#
#.##.###.# ##.....## #


You could see Pikel.

Vanquished Creatures
  Sigmund (D:4)
  A hound (D:4)
  A worker ant (D:4)
  Natasha (twice) (D:2)
  An iguana (D:4)
  5 adders
  2 oozes
  3 worms
  2 giant geckos (D:3)
  An orc (D:3)
  A ball python (D:4)
  6 giant cockroaches
  9 goblins
  3 hobgoblins
  3 jackals (D:1)
  3 kobolds
  4 quokkas
  9 bats
  6 giant newts
  25 rats
88 creatures vanquished.

Notes
Turn   | Place    | Note
--------------------------------------------------------------
     0 | D:1      | MordorOrchid the Demonspawn Fire Elementalist began the quest for the Orb.
     0 | D:1      | Reached XP level 1. HP: 13/13 MP: 3/3
   341 | D:1      | Gained mutation: You have a pair of small antennae on your head. [demonic ancestry]
   341 | D:1      | Reached XP level 2. HP: 20/20 MP: 1/5
   345 | D:1      | Learned a level 2 spell: Throw Flame
  1368 | D:1      | Reached skill level 1 in Fighting
  1927 | D:1      | Gained mutation: You have a pair of antennae on your head. [demonic ancestry]
  1927 | D:1      | Reached XP level 3. HP: 26/26 MP: 3/6
  1932 | D:1      | Learned a level 3 spell: Conjure Flame
  1972 | D:2      | Noticed Natasha
  2156 | D:2      | Gained mutation: Your system is resistant to poisons. [potion of beneficial mutation]
  2161 | D:2      | Killed Natasha
  2161 | D:2      | Reached skill level 3 in Fire Magic
  2617 | D:2      | Noticed Natasha
  2618 | D:2      | Killed Natasha
  2618 | D:2      | Gained mutation: You sometimes gain a little power by taking damage. [demonic ancestry]
  2618 | D:2      | Reached XP level 4. HP: 32/32 MP: 4/7
  3042 | D:2      | Found a bloodstained altar of Trog.
  3961 | D:3      | You fall through a shaft!
  4172 | D:3      | Found a stormy altar of Qazlal.
  4302 | D:4      | Reached XP level 5. HP: 37/37 MP: 2/9
  4598 | D:4      | Found a shimmering altar of Xom.
  4606 | D:4      | Noticed Sigmund
  4796 | D:4      | Learned a level 3 spell: Inner Flame
  4835 | D:4      | Killed Sigmund
  4835 | D:4      | Gained mutation: You sometimes gain power by taking damage. [demonic ancestry]
  4835 | D:4      | Reached XP level 6. HP: 34/43 MP: 6/11
  4907 | D:4      | Noticed a slave
  4907 | D:4      | Noticed a slave
  4908 | D:4      | Noticed a slave
  4911 | D:4      | Noticed Pikel
  5142 | D:4      | Noticed a slave
  5219 | D:2      | Slain by Pikel

Action                   |  1- 3 |  4- 6 || total
-------------------------+-------+-------++-------
Melee: Unarmed           |    12 |       ||    12
       Dagger            |    36 |    58 ||    94
 Cast: Flame Tongue      |    60 |    85 ||   145
       Throw Flame       |       |    13 ||    13
       Conjure Flame     |       |     7 ||     7
Evoke: Wand              |       |    11 ||    11
  Use: Potion            |     2 |     1 ||     3
       Scroll            |     1 |     2 ||     3
 Stab: Sleeping          |     5 |     3 ||     8
       Confused          |       |     1 ||     1
  Eat: Chunk             |     5 |    10 ||    15
       Fruit             |     1 |       ||     1
